[Event "ICC tourney 2349 (60 10)"]
[Site "Internet Chess Club"]
[Date "2021.01.30"]
[Round "3"]
[White "BlueberryAngel"]
[Black "turtlemasterjo"]
[Result "0-1"]
[ICCResult "White checkmated"]
[WhiteElo "1427"]
[BlackElo "1655"]
[Opening "Queen's pawn game"]
[ECO "D00"]
[NIC "QP.07"]
[Time "16:01:15"]
[PlyCount "84"]
[TimeControl "3600+10"]

1. d4 Nf6 2. Nc3 d5 3. Bf4 e6 4. a3 Bd6 5. Bg3 O-O 6. e3 c5 7. Nf3 Nc6 8.
Bd3 Re8 9. Ne5 cxd4 10. exd4 Qb6 11. Nxc6 Bxg3 12. hxg3 bxc6 13. O-O Qxb2
14. Na4 Qb8 15. Nc5 Nd7 16. Nb3 a5 17. Nd2 Ba6 18. Nf3 Bxd3 19. Qxd3 c5 20.
c3 c4 21. Qc2 Qd6 22. Ng5 g6 23. Kh2 Reb8 24. Rh1 Rb3 25. Kg1 Nf6 26. a4
Rab8 27. Rh4 Rb2 28. Qd1 R8b3 29. Rf4 Qe7 30. Qf3 Nh5 31. Rxf7 Qxg5 32.
Rf8+ Kg7 33. Qf7+ Kh6 34. Rg8 Rb1+ 35. Rxb1 Rxb1+ 36. Kh2 Qc1 37. Qf8+ Kg5
38. f4+ Kg4 39. Rxg6+ hxg6 40. Qf5+ Kxf5 41. g4+ Kxg4 42. g3 Qh1# { White
checkmated } 0-1

[Event "ICC tourney 2349 (60 10)"]
[Site "Internet Chess Club"]
[Date "2021.01.30"]
[Round "3"]
[White "rgolden277"]
[Black "TheChessKid90"]
[Result "0-1"]
[ICCResult "White checkmated"]
[WhiteElo "1554"]
[BlackElo "1210"]
[Opening "Queen's pawn game"]
[ECO "D02"]
[NIC "QP.08"]
[Time "16:00:58"]
[PlyCount "52"]
[TimeControl "3600+10"]

1. d4 d5 2. Nf3 c6 3. Bf4 Bf5 4. e3 e6 5. Be2 Bd6 6. Ne5 Nd7 7. Nxf7 Kxf7
8. Bxd6 Qg5 9. O-O Ngf6 10. Bf4 Qg6 11. c4 dxc4 12. Bxc4 Bh3 13. Qf3 Bg4
14. Qg3 h5 15. f3 h4 16. Qf2 Bh5 17. e4 h3 18. Kh1 Ke7 19. Nc3 Raf8 20. Bg3
Ng4 21. Bh4+ Ke8 22. Qe2 hxg2+ 23. Qxg2 Ne3 24. Qf2 Bxf3+ 25. Qxf3 Rxf3 26.
Rxf3 Qg2# { White checkmated } 0-1

[Event "ICC tourney 2349 (60 10)"]
[Site "Internet Chess Club"]
[Date "2021.01.30"]
[Round "3"]
[White "maxwellmassiah"]
[Black "ZhonglisMeteor"]
[Result "1-0"]
[ICCResult "Black checkmated"]
[WhiteElo "1738"]
[BlackElo "1425"]
[Opening "Robatsch defense"]
[ECO "A40"]
[NIC "KF.05"]
[Time "16:00:54"]
[PlyCount "81"]
[TimeControl "3600+10"]

1. d4 g6 2. e4 Bg7 3. Nc3 c5 4. Be3 cxd4 5. Bxd4 e5 6. Be3 Ne7 7. Qd2 h6 8.
Bc4 a6 9. a4 Nbc6 10. Nge2 b6 11. O-O Qc7 12. Ba2 Nb4 13. Bb3 Bb7 14. f4
Rd8 15. fxe5 Bxe5 16. Bxf7+ Kf8 17. h3 g5 18. Bh5+ Kg7 19. Bxg5 Qc5+ 20.
Be3 Bxc3 21. bxc3 Qxh5 22. cxb4 Kg8 23. Nf4 Qf7 24. Bxb6 Re8 25. Qxd7 Bxe4
26. Rae1 Bc6 27. Qg4+ Kh7 28. Qh5 Qg7 29. Qg4 Qxg4 30. hxg4 Bxa4 31. Nh5
Rhg8 32. Nf6+ Kg7 33. Nxg8 Kxg8 34. Bc5 Bxc2 35. Rxe7 Rc8 36. Rfe1 Bg6 37.
Rd1 a5 38. Rdd7 Bb1 39. Rg7+ Kh8 40. Bd4 axb4 41. Rg6# { Black checkmated }
1-0

[Event "ICC tourney 2349 (60 10)"]
[Site "Internet Chess Club"]
[Date "2021.01.30"]
[Round "3"]
[White "SimonMango"]
[Black "Alycatheawesome"]
[Result "0-1"]
[ICCResult "White checkmated"]
[WhiteElo "1149"]
[BlackElo "1411"]
[Opening "English opening"]
[ECO "A20"]
[NIC "EO.25"]
[Time "16:03:30"]
[PlyCount "160"]
[TimeControl "3600+10"]

1. c4 e5 2. f4 d6 3. Nf3 Nc6 4. d4 exd4 5. Nxd4 Nge7 6. Nxc6 Nxc6 7. Nc3
Be6 8. e4 g6 9. Be3 Bg7 10. Qd2 Qd7 11. Bd3 Nb4 12. O-O Nxd3 13. Qxd3 Qe7
14. Bd4 Bxd4+ 15. Qxd4 O-O 16. f5 Bd7 17. Nd5 Qd8 18. f6 Re8 19. Qe3 Re5
20. Nxc7 Rc8 21. Nb5 Bxb5 22. cxb5 Rxb5 23. Qxa7 Rxb2 24. Rab1 Rcc2 25.
Rxb2 Rxb2 26. Rd1 Qb6+ 27. Qxb6 Rxb6 28. e5 Kf8 29. exd6 Ke8 30. d7+ Kd8
31. Rf1 Kxd7 32. g4 Ke6 33. g5 Rb5 34. h4 Ra5 35. Re1+ Re5 36. Rb1 b5 37.
Rb4 Kd6 38. a4 bxa4 39. Rxa4 Rc5 40. Kg2 Ke5 41. Kf3 Rc3+ 42. Kg4 Rd3 43.
Ra5+ Ke6 44. Ra4 Rd7 45. Re4+ Kd6 46. Rd4+ Kc6 47. Re4 Rd6 48. Re7 Rd7 49.
Rxd7 Kxd7 50. Kf4 Kd6 51. Ke4 Ke6 52. Kf4 Kd5 53. Kg4 Ke4 54. h5 Ke5 55.
Kh3 Kf5 56. Kh4 Kf4 57. h6 Kf5 58. Kg3 Kxg5 59. Kf3 Kxf6 60. Kg4 Ke5 61.
Kg5 f5 62. Kh4 Kf6 63. Kh3 Kg5 64. Kg3 Kxh6 65. Kf4 Kg7 66. Kg5 h6+ 67. Kf4
Kf6 68. Kg3 g5 69. Kf3 h5 70. Kg3 f4+ 71. Kh3 g4+ 72. Kh2 h4 73. Kg2 f3+
74. Kf2 Kf5 75. Kg1 g3 76. Kh1 g2+ 77. Kg1 h3 78. Kh2 f2 79. Kxh3 f1=Q 80.
Kh2 g1=Q# { White checkmated } 0-1

[Event "ICC tourney 2349 (60 10)"]
[Site "Internet Chess Club"]
[Date "2021.01.30"]
[Round "3"]
[White "anan193"]
[Black "kellen50158"]
[Result "1-0"]
[ICCResult "Black checkmated"]
[WhiteElo "1626"]
[BlackElo "1288"]
[Opening "QGD: classical variation (5.Bf4)"]
[ECO "D37"]
[NIC "QO.16"]
[Time "16:01:31"]
[PlyCount "125"]
[TimeControl "3600+10"]

1. d4 d5 2. c4 e6 3. Nc3 Nf6 4. Nf3 Be7 5. Bf4 b6 6. cxd5 exd5 7. e3 Bb7 8.
Bd3 O-O 9. O-O c5 10. Rc1 Nc6 11. Bb1 Bd6 12. Bxd6 Qxd6 13. dxc5 bxc5 14.
Qd2 Rfd8 15. Rfd1 a6 16. a3 d4 17. exd4 cxd4 18. Ne2 Rab8 19. Nexd4 Nxd4
20. Qxd4 Qxd4 21. Nxd4 Ba8 22. b4 Rb6 23. Nf5 Rxd1+ 24. Rxd1 Rb8 25. f3 g6
26. Ne3 Kg7 27. Kf2 Ne8 28. Ba2 Nf6 29. Ke2 Bc6 30. Rd6 Bb5+ 31. Bc4 Ne8
32. Rd4 Rc8 33. Bxb5 axb5 34. Kd3 Ra8 35. Nc2 Nc7 36. Rd7 Rc8 37. Nd4 h5
38. Rd6 Rb8 39. Rc6 Rb7 40. Ke4 f6 41. Rxc7+ Rxc7 42. Ne6+ Kf7 43. Nxc7 Ke7
44. Nxb5 Kd7 45. Kd5 Kc8 46. Ke6 f5 47. Kf6 Kb7 48. Kxg6 Kb6 49. Nd4 Kc7
50. Kxf5 Kd6 51. a4 h4 52. a5 h3 53. gxh3 Kc7 54. h4 Kd7 55. h5 Ke7 56. a6
Kd7 57. a7 Kd6 58. a8=Q Kc7 59. Qa6 Kb8 60. h6 Kc7 61. Nb5+ Kd7 62. Qd6+
Kc8 63. Qc7# { Black checkmated } 1-0

[Event "ICC tourney 2349 (60 10)"]
[Site "Internet Chess Club"]
[Date "2021.01.30"]
[Round "3"]
[White "Harveyli318"]
[Black "concretesteve1"]
[Result "1-0"]
[ICCResult "Black checkmated"]
[WhiteElo "1704"]
[BlackElo "1408"]
[Opening "Dutch, Manhattan (Alapin, Ulvestad) variation"]
[ECO "A80"]
[NIC "HD.12"]
[Time "16:00:57"]
[PlyCount "101"]
[TimeControl "3600+10"]

1. d4 f5 2. Qd3 g6 3. h4 Nf6 4. h5 Nxh5 5. Rxh5 gxh5 6. Qxf5 Bg7 7. Nf3 d6
8. Qxh5+ Kd7 9. Qg4+ e6 10. Qxg7+ Kc6 11. Nc3 b6 12. e4 Kb7 13. Be3 Nd7 14.
a4 a5 15. d5 e5 16. Bb5 Kb8 17. Bc6 Ra7 18. Nb5 Ra6 19. Ng5 Rg8 20. Qh6 Rg6
21. Qh5 Nf6 22. Qh4 Ng4 23. Nf3 Qxh4 24. Nxh4 Nxe3 25. fxe3 Rg4 26. Nf3
Rxg2 27. O-O-O h5 28. Rf1 Rg8 29. Nh4 Bb7 30. Bxb7 Kxb7 31. Rf7 Rc8 32.
Nxd6+ Kb8 33. Nxc8 Kxc8 34. Rh7 Kb7 35. Rxh5 Ra8 36. Nf5 Rg8 37. Rh7 Rg4
38. d6 Kc8 39. Rxc7+ Kd8 40. Ng7 Rg6 41. Nf5 Rg4 42. Ne7 Rxe4 43. Nc6+ Ke8
44. d7+ Kf7 45. d8=Q+ Kg6 46. Qg8+ Kf5 47. Rf7+ Ke6 48. Qg6+ Kd5 49. Rd7+
Kc5 50. Qd6+ Kc4 51. Qd5# { Black checkmated } 1-0

[Event "ICC tourney 2349 (60 10)"]
[Site "Internet Chess Club"]
[Date "2021.01.30"]
[Round "3"]
[White "SAsameer"]
[Black "iamtanmay"]
[Result "1-0"]
[ICCResult "Black checkmated"]
[WhiteElo "1393"]
[BlackElo "997"]
[Opening "Queen's pawn: London system"]
[ECO "A45"]
[NIC "QP.05"]
[Time "16:01:02"]
[PlyCount "81"]
[TimeControl "3600+10"]

1. d4 Nf6 2. Bf4 e6 3. Nf3 b6 4. e3 Bb7 5. Bd3 Na6 6. Nbd2 Nb4 7. Be2 Be7
8. c3 Nbd5 9. Bg3 Nh5 10. Ne5 Nxg3 11. hxg3 d6 12. e4 dxe5 13. exd5 Qxd5
14. Bf3 e4 15. Bxe4 Qb5 16. Bxb7 Rb8 17. Be4 f5 18. Bf3 Qxb2 19. Bh5+ g6
20. Bxg6+ Kf8 21. Rc1 Qxa2 22. Qh5 Qa3 23. Qh6+ Kg8 24. Bxh7+ Kf7 25. Bg6+
Kf6 26. Bh7+ Kf7 27. Nf3 Bf6 28. Qg6+ Ke7 29. Kd2 Rbg8 30. Bxg8 Rxh1 31.
Qf7+ Kd8 32. Qxf6+ Kc8 33. Bxe6+ Kb8 34. Qd8+ Kb7 35. Qc8+ Kc6 36. Ne5+ Kb5
37. c4+ Ka5 38. Nc6+ Ka4 39. Qa6+ Kb3 40. Qb5+ Ka2 41. Qb1# { Black
checkmated } 1-0

[Event "ICC tourney 2349 (60 10)"]
[Site "Internet Chess Club"]
[Date "2021.01.30"]
[Round "3"]
[White "Christopher166"]
[Black "ShadowApt"]
[Result "1-0"]
[ICCResult "Black checkmated"]
[WhiteElo "1872"]
[BlackElo "2090"]
[Opening "Sicilian: Najdorf, Byrne (English) attack"]
[ECO "B90"]
[NIC "SI.14"]
[Time "16:01:13"]
[PlyCount "161"]
[TimeControl "3600+10"]

1. e4 c5 2. Nf3 d6 3. d4 cxd4 4. Nxd4 Nf6 5. Nc3 a6 6. Be3 e5 7. Nb3 Be7 8.
Be2 Be6 9. O-O O-O 10. Bf3 Nbd7 11. Qe2 Rc8 12. Rfd1 Nb6 13. Bxb6 Qxb6 14.
h3 Rfd8 15. g4 Bc4 16. Qe1 Qc7 17. Nd2 Be6 18. Nf1 b5 19. a3 Qc5 20. Ne3 g6
21. Rac1 a5 22. g5 Ne8 23. h4 Nc7 24. Kg2 b4 25. axb4 Qxb4 26. Ncd5 Nxd5
27. Nxd5 Bxd5 28. Qxb4 axb4 29. Rxd5 Rc5 30. Rd3 Ra8 31. Rb3 Rc4 32. Be2
Rd4 33. c3 Rd2 34. Bf3 bxc3 35. Rcxc3 h6 36. Rb7 Bd8 37. Rcb3 Rc8 38. Rb8
Rdc2 39. Bg4 Rxb8 40. Rxb8 h5 41. Rxd8+ Kg7 42. Bf3 Rxb2 43. Rxd6 Rb5 44.
Rd5 Rb3 45. Rxe5 Rc3 46. Re7 Rc4 47. Kg3 Kf8 48. Ra7 Rc5 49. Bg2 Rc3+ 50.
f3 Rc2 51. Bh3 Rc1 52. e5 Rg1+ 53. Kf2 Rh1 54. Kg2 Re1 55. Ra5 Re2+ 56. Kg3
Re1 57. Bg2 Re2 58. f4 Re3+ 59. Bf3 Re1 60. Ra4 Rg1+ 61. Bg2 Re1 62. Re4
Rd1 63. e6 Rd3+ 64. Bf3 fxe6 65. Rxe6 Kf7 66. Rf6+ Kg7 67. f5 gxf5 68. Rxf5
Re3 69. Kf4 Re1 70. Bxh5 Rf1+ 71. Bf3 Rh1 72. Kg3 Rg1+ 73. Bg2 Ra1 74. h5
Ra3+ 75. Bf3 Ra1 76. Kf4 Ra4+ 77. Be4 Ra1 78. h6+ Kg6 79. Ra5+ Kh5 80. Rxa1
Kh4 81. Rh1# { Black checkmated } 1-0

[Event "ICC tourney 2349 (60 10)"]
[Site "Internet Chess Club"]
[Date "2021.01.30"]
[Round "3"]
[White "acushemama"]
[Black "superandrew3"]
[Result "1-0"]
[ICCResult "Black resigns"]
[WhiteElo "1584"]
[BlackElo "1142"]
[Opening "QGD: Semi-Tarrasch defense"]
[ECO "D40"]
[NIC "TD.05"]
[Time "16:01:17"]
[PlyCount "55"]
[TimeControl "3600+10"]

1. d4 Nf6 2. c4 c5 3. Nf3 e6 4. Nc3 d5 5. e3 Be7 6. Be2 O-O 7. O-O b6 8.
Bd2 Bb7 9. Rc1 cxd4 10. exd4 dxc4 11. Bf4 Nc6 12. Bxc4 Rc8 13. Bb3 Bd6 14.
Bg5 h6 15. Bh4 Na5 16. Bc2 Be7 17. Qd3 Re8 18. Ne5 Nc6 19. Nxc6 Bxc6 20.
Rfd1 Qc7 21. Bb1 Qf4 22. Bg3 Qg4 23. h3 Qh5 24. Ne2 Qf5 25. Qxf5 exf5 26.
Bxf5 Rcd8 27. Rxc6 Bb4 28. Nc3 { Black resigns } 1-0

[Event "ICC tourney 2349 (60 10)"]
[Site "Internet Chess Club"]
[Date "2021.01.30"]
[Round "3"]
[White "nikhilthota"]
[Black "sylviem"]
[Result "1-0"]
[ICCResult "Black checkmated"]
[WhiteElo "1844"]
[BlackElo "1519"]
[Opening "Réti opening"]
[ECO "A30"]
[NIC "QP.10"]
[Time "16:01:11"]
[PlyCount "133"]
[TimeControl "3600+10"]

1. Nf3 c5 2. c4 d6 3. d4 cxd4 4. Nxd4 Nf6 5. Nc3 g6 6. e4 Bg7 7. Be2 O-O 8.
O-O Nc6 9. Be3 Bd7 10. f3 Rc8 11. Qd2 Ne5 12. b3 Nc6 13. Rad1 a6 14. Bh6
Nxd4 15. Bxg7 Nxe2+ 16. Qxe2 Kxg7 17. Qb2 Kg8 18. Kh1 Qa5 19. a4 Qb4 20.
Na2 Qb6 21. Nc3 Rc5 22. Rf2 Rh5 23. Re2 Qc5 24. Nd5 Nxd5 25. exd5 Re8 26.
Qd2 Qa3 27. Rb1 b5 28. axb5 axb5 29. Qe1 bxc4 30. bxc4 Ra8 31. Rxe7 Bf5 32.
Rbb7 Qa1 33. g4 Qxe1+ 34. Rxe1 Bxg4 35. fxg4 Rg5 36. h3 Ra3 37. Kg2 Rc3 38.
Re4 Re5 39. Rxe5 dxe5 40. d6 Rd3 41. d7 Kf8 42. c5 Ke7 43. c6 Kd8 44. Rb8+
Kc7 45. Rc8+ Kb6 46. d8=Q+ Rxd8 47. Rxd8 Kxc6 48. Rf8 e4 49. Rxf7 e3 50.
Rxh7 e2 51. Kf2 e1=Q+ 52. Kxe1 g5 53. Rg7 Kd5 54. Rxg5+ Ke4 55. Rf5 Kd4 56.
h4 Ke4 57. h5 Kd4 58. h6 Ke4 59. h7 Kd4 60. h8=Q+ Ke4 61. Qe8+ Kd4 62. Qd7+
Ke4 63. Qe6+ Kd4 64. Rd5+ Kc4 65. Qc6+ Kb4 66. Rb5+ Ka4 67. Qa6# { Black
checkmated } 1-0

[Event "ICC tourney 2349 (60 10)"]
[Site "Internet Chess Club"]
[Date "2021.01.30"]
[Round "3"]
[White "colorfulcake"]
[Black "aarm2008"]
[Result "1-0"]
[ICCResult "Black checkmated"]
[WhiteElo "1516"]
[BlackElo "1709"]
[Opening "Caro-Kann: advance variation"]
[ECO "B12"]
[NIC "CK.02"]
[Time "16:01:04"]
[PlyCount "65"]
[TimeControl "3600+10"]

1. e4 c6 2. d4 d5 3. e5 c5 4. c3 Nc6 5. Nf3 Bg4 6. Be2 e6 7. h3 Bh5 8. Nbd2
cxd4 9. cxd4 Bb4 10. O-O Nge7 11. Nb3 O-O 12. Bg5 Qb6 13. a3 Ba5 14. Nc5
Bxf3 15. Bxf3 Qxb2 16. Bxe7 Nxe7 17. Rb1 Qxa3 18. Rxb7 Nf5 19. Rb3 Qa2 20.
Bg4 Rfb8 21. Rf3 Nh6 22. Rg3 Rb2 23. Nd7 Rc8 24. Bxe6 fxe6 25. Qh5 Bd2 26.
f4 Be3+ 27. Kh2 Nf7 28. Nf6+ Kf8 29. Nxh7+ Ke8 30. Rxg7 Rc7 31. Nf6+ Kd8
32. Rg8+ Ke7 33. Re8# { Black checkmated } 1-0

[Event "ICC tourney 2349 (60 10)"]
[Site "Internet Chess Club"]
[Date "2021.01.30"]
[Round "3"]
[White "SuperBlueSky"]
[Black "PlayfulDolphin"]
[Result "1-0"]
[ICCResult "Black resigns"]
[WhiteElo "1562"]
[BlackElo "1100"]
[Opening "King's Indian: orthodox variation"]
[ECO "E94"]
[NIC "KI.15"]
[Time "16:00:57"]
[PlyCount "161"]
[TimeControl "3600+10"]

1. d4 Nf6 2. c4 g6 3. Nc3 Bg7 4. e4 d6 5. Nf3 O-O 6. Be2 e5 7. O-O exd4 8.
Nxd4 Nc6 9. Nxc6 bxc6 10. Qc2 Re8 11. f3 Nh5 12. Be3 f5 13. Bd3 fxe4 14.
Nxe4 Rb8 15. Rab1 Nf6 16. Bg5 Bf5 17. Nxf6+ Bxf6 18. Bxf6 Qxf6 19. Bxf5
Qxf5 20. Qxf5 gxf5 21. Kf2 Rb4 22. b3 a5 23. a3 Rb7 24. Rfe1 Rxe1 25. Kxe1
a4 26. b4 c5 27. b5 Kf7 28. Kd2 Rb8 29. h3 f4 30. Re1 Rg8 31. Re2 Kf6 32.
Kd3 Kf5 33. Kc3 Rg7 34. Rd2 Rg5 35. Re2 Rg7 36. Kd2 Rf7 37. Ke1 Rg7 38. Kf2
Kf6 39. Re8 Re7 40. Ra8 Ke5 41. Rxa4 Kd4 42. g3 fxg3+ 43. Kxg3 Re3 44. Kg4
Rc3 45. Ra7 Kxc4 46. a4 Kb4 47. Rxc7 Kxa4 48. b6 Rb3 49. b7 Ka5 50. Rxh7 c4
51. Rd7 c3 52. Rxd6 Rxb7 53. Rc6 Kb4 54. f4 Rb5 55. f5 Rc5 56. Rxc5 Kxc5
57. f6 c2 58. f7 c1=Q 59. f8=Q+ Kd4 60. Qf4+ Qxf4+ 61. Kxf4 Kd5 62. Kf5 Kd6
63. Kf6 Kd7 64. h4 Ke8 65. Kg7 Ke7 66. h5 Ke6 67. h6 Ke5 68. h7 Kd4 69.
h8=Q Kd3 70. Qh4 Ke3 71. Qg4 Kd3 72. Qf4 Kc3 73. Qe4 Kd2 74. Qf3 Kc2 75.
Qe3 Kb2 76. Qd3 Ka1 77. Qe2 Kb1 78. Kf6 Kc1 79. Ke5 Kb1 80. Kd4 Kc1 81. Kc3
{ Black resigns } 1-0

[Event "ICC tourney 2349 (60 10)"]
[Site "Internet Chess Club"]
[Date "2021.01.30"]
[Round "3"]
[White "ScorpianFire7"]
[Black "RohanKrishna"]
[Result "1-0"]
[ICCResult "Black resigns"]
[WhiteElo "1501"]
[BlackElo "1703"]
[Opening "Sicilian defense"]
[ECO "B30"]
[NIC "SI.31"]
[Time "16:00:56"]
[PlyCount "129"]
[TimeControl "3600+10"]

1. e4 c5 2. Nf3 Nc6 3. c3 Nf6 4. e5 Nd5 5. d4 cxd4 6. cxd4 d6 7. Bc4 Nb6 8.
Bb5 dxe5 9. Nxe5 Bd7 10. Bxc6 Bxc6 11. Nxc6 bxc6 12. O-O e6 13. Qf3 Rc8 14.
Rd1 Be7 15. Be3 O-O 16. Nc3 Qd7 17. b3 Rfd8 18. Ne4 Qd5 19. Nd2 Qxf3 20.
Nxf3 Nd5 21. Rac1 Kf8 22. Ne5 Nxe3 23. fxe3 c5 24. dxc5 Rxd1+ 25. Rxd1 f6
26. Nd3 Bxc5 27. Nxc5 Rxc5 28. Rd2 Ke7 29. Kf2 e5 30. e4 Rc6 31. g4 Rc3 32.
Re2 Rd3 33. Re3 Rd4 34. h3 Kd6 35. Kf3 Kc5 36. a3 Rd2 37. Rc3+ Kd6 38. b4
Rh2 39. Kg3 Rd2 40. Kf3 Rd1 41. Kf2 Kd7 42. Kg3 g6 43. Rf3 Ke6 44. Rc3 Rd7
45. Rc6+ Ke7 46. Ra6 Kf7 47. a4 g5 48. b5 Kg6 49. Kf2 Rf7 50. a5 Rb7 51. b6
axb6 52. axb6 h5 53. Ke3 hxg4 54. hxg4 Rb8 55. Kd3 Kf7 56. Kc4 Ke7 57. Kb5
Kd7 58. Ra7+ Kd6 59. Rh7 Ra8 60. b7 Rb8 61. Kb6 f5 62. exf5 e4 63. Ka7
Rxb7+ 64. Kxb7 e3 65. Rh3 { Black resigns } 1-0

[Event "ICC tourney 2349 (60 10)"]
[Site "Internet Chess Club"]
[Date "2021.01.30"]
[Round "3"]
[White "TeeKay2020"]
[Black "zsanwal"]
[Result "1-0"]
[ICCResult "Black checkmated"]
[WhiteElo "1763"]
[BlackElo "922"]
[Opening "Giuoco Piano"]
[ECO "C50"]
[NIC "IG.02"]
[Time "16:01:03"]
[PlyCount "137"]
[TimeControl "3600+10"]

1. e4 e5 2. Nf3 Nc6 3. Bc4 Bc5 4. O-O Nf6 5. d3 O-O 6. c3 h6 7. a4 a5 8.
Re1 Ng4 9. Re2 Nxf2 10. Rxf2 Bxf2+ 11. Kxf2 d6 12. d4 exd4 13. cxd4 Be6 14.
d5 Ne5 15. Nxe5 dxe5 16. Qf3 f5 17. Kg1 Bd7 18. Nc3 fxe4 19. Qxe4 Qf6 20.
Be3 Bf5 21. Qf3 Kh8 22. Rf1 Qe7 23. Qe2 Bd7 24. Rxf8+ Rxf8 25. Ne4 Bxa4 26.
Bc5 Qe8 27. Bxf8 Qxf8 28. b3 Bd7 29. Qf2 Qc8 30. Nc5 b5 31. Bd3 Bg4 32.
Bxb5 Qb8 33. Bd3 Qe8 34. Ne6 Bxe6 35. dxe6 Qxe6 36. Qf8+ Qg8 37. Qxg8+ Kxg8
38. Kf2 Kf7 39. Ke3 Ke6 40. Ke4 c5 41. Bc4+ Kd6 42. Kf5 g5 43. g4 Kc6 44.
Kxe5 Kb7 45. Kd6 Kb6 46. h3 a4 47. bxa4 Ka5 48. Kxc5 Kxa4 49. Kd6 Kb4 50.
Be6 Kb5 51. Ke5 Kc5 52. Kf6 Kd4 53. Kg6 Ke3 54. Kxh6 Kf3 55. Kxg5 Kg3 56.
h4 Kf3 57. h5 Kg3 58. h6 Kf3 59. h7 Ke4 60. h8=Q Kd3 61. Qe5 Kd2 62. Qe4
Kc3 63. Bd5 Kd2 64. Qf3 Kc2 65. Qe3 Kd1 66. Qf2 Kc1 67. Be4 Kd1 68. Kg6 Kc1
69. Qc2# { Black checkmated } 1-0

[Event "ICC tourney 2349 (60 10)"]
[Site "Internet Chess Club"]
[Date "2021.01.30"]
[Round "3"]
[White "kaiphoenix"]
[Black "Willixm"]
[Result "1-0"]
[ICCResult "Black resigns"]
[WhiteElo "1532"]
[BlackElo "1881"]
[Opening "Queen's pawn, Mason variation"]
[ECO "D00"]
[NIC "QP.08"]
[Time "16:01:12"]
[PlyCount "105"]
[TimeControl "3600+10"]

1. d4 d5 2. Bf4 Nf6 3. e3 Bf5 4. c4 e6 5. Nc3 Nc6 6. Qb3 Na5 7. Qa4+ c6 8.
cxd5 exd5 9. Nf3 Be7 10. Be2 O-O 11. O-O b5 12. Qd1 Nc4 13. Bxc4 bxc4 14.
Ne5 Qb6 15. b3 cxb3 16. axb3 Nd7 17. Na4 Qb7 18. Nxd7 Qxd7 19. Nc5 Bxc5 20.
dxc5 Rfe8 21. b4 Re6 22. f3 Rg6 23. e4 Bh3 24. Rf2 Qb7 25. Qd2 h6 26. exd5
cxd5 27. Bg3 Be6 28. Qb2 Bd7 29. Qd4 Bb5 30. Rd2 Bc4 31. Rb2 Ra6 32. Rab1
Ra2 33. b5 Rxb2 34. Qxb2 a6 35. b6 a5 36. Qe5 Rc8 37. Qd6 a4 38. Re1 a3 39.
Re7 a2 40. Be5 Qa6 41. b7 a1=Q+ 42. Bxa1 Qxa1+ 43. Kf2 Qb2+ 44. Kg3 Rf8 45.
Rc7 Bf1 46. h4 Qxg2+ 47. Kf4 Be2 48. Qxf8+ Kh7 49. Rxf7 Qh2+ 50. Kf5 Qh3+
51. Ke5 Qg3+ 52. Rf4 Qf2 53. Qf5+ { Black resigns } 1-0

[Event "ICC tourney 2349 (60 10)"]
[Site "Internet Chess Club"]
[Date "2021.01.30"]
[Round "3"]
[White "kaleblancman"]
[Black "sushimonster"]
[Result "1-0"]
[ICCResult "Black checkmated"]
[WhiteElo "1825"]
[BlackElo "1510"]
[Opening "Queen's pawn, Mason variation"]
[ECO "D00"]
[NIC "QP.08"]
[Time "16:00:59"]
[PlyCount "139"]
[TimeControl "3600+10"]

1. d4 d5 2. Bf4 Nf6 3. e3 Bf5 4. c4 e6 5. Nc3 c6 6. Qb3 Qc8 7. Nf3 Nbd7 8.
Be2 dxc4 9. Bxc4 Nb6 10. Be2 Be7 11. O-O O-O 12. Rac1 Nbd5 13. Bg3 Ne4 14.
Nxe4 Bxe4 15. h3 Nb6 16. a4 Bd5 17. Qd1 a5 18. b3 Bb4 19. Bd3 h6 20. e4 Rd8
21. exd5 Nxd5 22. Qc2 Qd7 23. Bh4 Rdc8 24. Ne5 Qe8 25. Rfd1 b5 26. axb5
cxb5 27. Qe2 Nc3 28. Rxc3 Bxc3 29. Bxb5 Qf8 30. Bc4 a4 31. Qc2 Qb4 32. Nxf7
Kxf7 33. Qf5+ Kg8 34. Bxe6+ Kh8 35. Bxc8 a3 36. Qe6 Qf8 37. Bb7 Re8 38. Qc4
Bb2 39. b4 Rb8 40. Qc7 a2 41. Bg3 Rd8 42. Qa5 Rxd4 43. Re1 a1=Q 44. Rxa1
Bxa1 45. Qxa1 Rxb4 46. Bf3 Qf5 47. Qc3 Rb8 48. Bxb8 Qb1+ 49. Kh2 Qxb8+ 50.
g3 Qa7 51. Qc8+ Kh7 52. Be4+ g6 53. Kg2 Qf7 54. Qa6 Qg7 55. Qxg6+ Qxg6 56.
Bxg6+ Kxg6 57. f4 h5 58. g4 Kh6 59. Kf3 Kg6 60. Ke4 Kf6 61. gxh5 Kg7 62.
Kf5 Kh6 63. Ke6 Kg7 64. f5 Kg8 65. Ke7 Kg7 66. f6+ Kg8 67. f7+ Kh7 68. Kf6
Kh6 69. f8=Q+ Kxh5 70. Qh8# { Black checkmated } 1-0

[Event "ICC tourney 2349 (60 10)"]
[Site "Internet Chess Club"]
[Date "2021.01.30"]
[Round "3"]
[White "atharvamchess"]
[Black "tomkunisky"]
[Result "0-1"]
[ICCResult "White checkmated"]
[WhiteElo "1476"]
[BlackElo "993"]
[Opening "Queen's pawn, Mason variation"]
[ECO "D00"]
[NIC "QP.08"]
[Time "16:01:02"]
[PlyCount "128"]
[TimeControl "3600+10"]

1. d4 d5 2. Bf4 c6 3. e3 Nf6 4. Bd3 Bg4 5. Nf3 e6 6. Nbd2 Bd6 7. Bg3 O-O 8.
O-O Bxg3 9. hxg3 Nbd7 10. Be2 Qb6 11. Nb3 c5 12. dxc5 Nxc5 13. c3 Nce4 14.
Nfd4 Bxe2 15. Qxe2 e5 16. Nf3 Qe6 17. Rfe1 Ng4 18. Rf1 Qh6 19. Nbd2 Ngxf2
20. Nxe4 Nxe4 21. Qe1 Qe6 22. Nd2 Nf6 23. Rf2 Rad8 24. Nf1 a6 25. Rd2 Qg4
26. Qd1 Qxd1 27. Raxd1 h5 28. c4 Rd7 29. cxd5 Rfd8 30. Kf2 Ne4+ 31. Ke2
Nxd2 32. Rxd2 Rxd5 33. Rxd5 Rxd5 34. e4 Rb5 35. b3 Rc5 36. Kd2 Kh7 37. Ne3
Rc6 38. Nc4 b5 39. Nxe5 Re6 40. Nxf7 Kg6 41. Nd8 Rd6+ 42. Ke3 Rxd8 43. Kf4
Rf8+ 44. Ke3 b4 45. Kd4 Rf2 46. Kc4 Rxa2 47. Kxb4 Rb2 48. Ka4 a5 49. Kxa5
Rxb3 50. Ka4 Rxg3 51. e5 Kf7 52. e6+ Kxe6 53. Ka5 Rxg2 54. Ka6 Rb2 55. Ka5
Kd5 56. Ka6 Kc6 57. Ka5 Rb3 58. Ka4 Rb8 59. Ka3 Kc5 60. Ka4 Rb7 61. Ka3 Kc4
62. Ka2 Kc3 63. Ka1 Kc2 64. Ka2 Ra7# { White checkmated } 0-1

[Event "ICC tourney 2349 (60 10)"]
[Site "Internet Chess Club"]
[Date "2021.01.30"]
[Round "3"]
[White "elliswong"]
[Black "outpost"]
[Result "0-1"]
[ICCResult "White checkmated"]
[WhiteElo "1541"]
[BlackElo "1799"]
[Opening "Queen's pawn, Mason variation"]
[ECO "D00"]
[NIC "QP.08"]
[Time "16:00:57"]
[PlyCount "108"]
[TimeControl "3600+10"]

1. d4 d5 2. Bf4 Bf5 3. c4 e6 4. Qb3 Nc6 5. e3 Bxb1 6. Rxb1 Bb4+ 7. Kd1 dxc4
8. Bxc4 Rb8 9. Ne2 Nf6 10. a3 Ba5 11. Nc3 O-O 12. Ke2 b5 13. Bd3 b4 14.
axb4 Rxb4 15. Qc2 Rxd4 16. Rbd1 Nb4 17. Qb1 Rxd3 18. Rxd3 Qxd3+ 19. Qxd3
Nxd3 20. Kxd3 Rb8 21. Kc2 Bb6 22. Rd1 Kf8 23. f3 Nh5 24. g3 Nxf4 25. exf4
Ke7 26. Ne4 h6 27. Nd2 Rd8 28. Ra1 Rd4 29. Kc3 Rd5 30. Nc4 f6 31. Kc2 Rh5
32. Rh1 Bf2 33. g4 Rh3 34. Nd2 Bg3 35. f5 Rxh2 36. Ra1 Bf4 37. Rd1 Rxd2+
38. Rxd2 Bxd2 39. Kxd2 exf5 40. gxf5 Kd6 41. Kd3 Ke5 42. Ke3 h5 43. f4+
Kxf5 44. Kf3 g5 45. b4 gxf4 46. Kg2 Kg4 47. Kg1 f3 48. b5 Kg3 49. b6 cxb6
50. Kh1 a5 51. Kg1 a4 52. Kh1 a3 53. Kg1 a2 54. Kh1 a1=Q# { White
checkmated } 0-1